 Dungeon Sprint DCSS version 0.30-a0-50-gb2d611f6b1 (webtiles) character file.

Game seed: 1334204436614953352

25 MrFrogsmire the Trooper (level 2, -3/28 HPs)
             Began as a Draconian Berserker on Sept 4, 2022.
             Was an Initiate of Wu Jian.
             Slain by a river rat (7 damage)
             ... in the Dungeon (Sprint V: "Ziggurat Sprint").
             The game lasted 00:02:35 (85 turns).

MrFrogsmire the Trooper (Draconian Berserker)         Turns: 85, Time: 00:02:35

Health: -3/28      AC:  4    Str: 31    XL:     2   Next: 82%
Magic:  2/2        EV: 12    Int:  7    God:    Wu Jian [......]
Gold:   0          SH:  0    Dex: 10    Spells: 1/1 levels left

rFire   . . .      SeeInvis .    g - +11 plutonium sword {Contam Stlth-}
rCold   . . .      Faith    .    (shield currently unavailable)
rNeg    . . .      Spirit   .    (body armour unavailable)
rPois   .          Reflect  .    (helmet restricted)
rElec   .          Harm     .    (no cloak)
rCorr   .          Rampage  .    (no gloves)
Will    .....      NoTele   +    (no boots)
Stlth   ..........               (no amulet)
HPRegen 0.09/turn                m - +6 ring of strength
MPRegen 0.08/turn                n - +6 ring of strength

@: no status effects
A: AC +4, unfitting armour, cold-blooded
a: Renounce Religion


You were in the Dungeon.
You worshipped Wu Jian.
Wu Jian was noncommittal.
You visited 1 branch

Inventory:

Hand Weapons
 g - the +11 plutonium sword (weapon) {Contam Stlth-}
   (You found it in the Dungeon)

   It occasionally inflicts wild transmutation effects on those it strikes,
   inflicting malmutation or extra damage, or polymorphing them into a new form.
   Contam:    It causes magical contamination when unequipped.
   Stlth:     It makes you less stealthy.
 t - a +5 demon blade
Armour
 s - a +3 kite shield
Jewellery
 h - a ring of flight
 i - a +6 ring of dexterity
 j - a +6 ring of dexterity
 k - a +6 ring of intelligence
 l - a +6 ring of intelligence
 m - a +6 ring of strength (left hand)
 n - a +6 ring of strength (right hand)
Scrolls
 f - a scroll of blinking
Potions
 a - 10 potions of curing
 b - 10 potions of heal wounds
 c - 6 potions of haste
 d - 7 potions of magic
 e - 3 potions of berserk rage
 o - 2 potions of invisibility
 p - 4 potions of resistance
 q - a potion of experience
 r - 5 potions of might


   Skills:
 + Level 4.8 Fighting
 + Level 0.5 Long Blades
 + Level 4.0 Dodging
 + Level 4.4 Unarmed Combat


You had one spell level left.
You didn't know any spells.
Your spell library was empty.

Dungeon Overview and Level Annotations

Branches:
Dungeon (1/1)

Altars:
Ashenzari
Cheibriados
Dithmenos
Elyvilon
Fedhas
Gozag
Hepliaklqana
Kikubaaqudgha
Makhleb
Nemelex Xobeh
Okawaru
Qazlal
Ru
Sif Muna
Trog
Uskayaw
Vehumet
Wu Jian
Xom
Yredelemnul
Zin
The Shining One
Jiyva
Lugonu

Annotations:
D 1 transporter


Innate Abilities, Weirdness & Mutations

Your plain brown scales are hard. (AC +4)
You cannot fit into any form of body armour.
You are cold-blooded and may be slowed by cold attacks.


Message History

You kneel at the altar of Wu Jian.
You have lost your religion!
Trog does not appreciate desertion!
The Council welcomes you!
You can now perform damaging attacks by moving towards foes.
Unknown command.
Press < or > to pray at altars.
You offer a prayer to Wu Jian.
You offer a prayer to Wu Jian.
You offer a prayer to Wu Jian.
You offer a prayer to Wu Jian.
You offer a prayer to Wu Jian.
You offer a prayer to Wu Jian.
You offer a prayer to Wu Jian.
You offer a prayer to Wu Jian.
You offer a prayer to Wu Jian.
You offer a prayer to Wu Jian.
There is a staircase leading out of the dungeon here.
There is a transporter here.
Welcome to arena 1.
You enter the transporter and appear at another place.
An iguana and a river rat come into view.
Found a phantom mirror and a ring of willpower.
Found a transporter.
The river rat bites you! The iguana bites you.
You slice the iguana!!
You kill the iguana!
The Council accepts your kill. The river rat barely misses you.
The river rat bites you.
* * * LOW HITPOINT WARNING * * *
Your Fighting skill increases to level 4!
Your Dodging skill gained 2 levels and is now at level 4!
Your Unarmed Combat skill increases to level 4!
You have reached level 2!
You slash the river rat!
The river rat is severely wounded.
The river rat bites you.
* * * LOW HITPOINT WARNING * * *
The river rat bites you!
You die...

▓▓▓▓▓▓▓
▓.8©8.▓
▓.....▓
▓.=.}.▓
▓.†r..▓
▓.@...▓
▓..©..▓
▓▓▓▓▓▓▓


You could see a river rat.

Vanquished Creatures
  An iguana (D)
1 creature vanquished.

Notes
Turn   | Place    | Note
-------+----------+-------------------------------------------
     0 | D        | MrFrogsmire the Draconian Berserker began the quest for the
                  | Orb.
     0 | D        | Reached XP level 1. HP: 19/19 MP: 1/1
     0 | D        | Found a shimmering blue altar of Sif Muna.
     0 | D        | Found a bloodstained altar of Trog.
     0 | D        | Found a sacrificial altar of Ru.
     0 | D        | Found a stormy altar of Qazlal.
     0 | D        | Found an iron altar of Okawaru.
     2 | D        | Found a sparkling altar of Nemelex Xobeh.
     2 | D        | Found the +6 Majin-Bo {vamp, MP+6 Int+6}
     2 | D        | Found the +9 heavy crossbow "Sniper" {vorpal, Acc+∞ SInv}
     2 | D        | Found the +10 dark maul {vorpal}
     2 | D        | Found the +15 Maxwell's patent armour {-Cast -Tele rElec
                  | Will+ rCorr}
     2 | D        | Found the +18 shield of the Gong {rElec rN+ Will+ EV-5}
     2 | D        | Found the +14 obsidian axe {vorpal, Mesm Drain Fly SInv}
     2 | D        | Found the +7 great mace "Firestarter" {inner flame, rF++}
     2 | D        | Found the +6 shillelagh "Devastator" {shatter}
     2 | D        | Found the +11 plutonium sword {Contam Stlth-}
     2 | D        | Found the +8 lance "Wyrmbane" {slay drac, rPois rF+ rC+
                  | AC+3}
     2 | D        | Found the +9 sword of Zonguldrok {reap}
     2 | D        | Found the +13 scythe of Curses {drain, Drain}
     2 | D        | Found the +5 sword of Power {vorpal}
     2 | D        | Found the +7 mace of Variability {chain chaos}
     2 | D        | Found the +7 Singing Sword {vorpal, sonic wave}
     2 | D        | Found the +8 storm bow {elec, penet}
     3 | D        | Found an ancient bone altar of Kikubaaqudgha.
     3 | D        | Found a corrupted altar of Lugonu.
     3 | D        | Found a transporter.
     3 | D        | Found a burning altar of Makhleb.
     3 | D        | Found a viscous altar of Jiyva.
     3 | D        | Found a hazy altar of Hepliaklqana.
    14 | D        | Found an opulent altar of Gozag.
    15 | D        | Found a blossoming altar of Fedhas.
    69 | D        | Fell from the grace of Trog
    69 | D        | Became a worshipper of the Wu Jian Council
    82 | D        | Entered arena 2.
    82 | D        | Noticed an iguana
    82 | D        | Found a transporter.
    84 | D        | Killed an iguana
    85 | D        | Reached XP level 2. HP: 7/28 MP: 2/2
    85 | D        | Slain by a river rat

Illustrated notes

Levels and vault maps discovered:
D:        sprint_v [room_start, room_1, room_2, room_3, room_4, room_5, room_6,
          room_7, room_8, room_9, room_10, room_11, room_12, room_13, room_14,
          room_15, room_16, room_17, room_18, room_19, room_20, room_21,
          room_22, room_23, room_24, room_25, room_26, room_27]

Skill      XL: |  1 |
---------------+----+-----
Fighting       | 4 |  4.8
Dodging        | 4 |  4.0
Unarmed Combat | 4 |  4.4
Long Blades    | |  0.5

Action                   || total
-------------------------++-------
Melee: Triple sword      ||     2
Dodge: Dodged            ||     1

Table legend: (Time is in decaauts)
 A = Elapsed time spent in this place.
 B = Non-inter-level travel time spent in this place.
 C = Inter-level travel time spent in this place.
 D = Time resting spent in this place.
 E = Time spent auto-exploring this place.
 F = Levels seen in this place.
 G = Mean time per level.
                   A        B        C        D        E       F      G
               +--------+--------+--------+--------+--------+-----+--------+
         Total |     84 |     15 |     69 |      0 |      0 |   1 |   84.0 |
       Dungeon |     84 |     15 |     69 |      0 |      0 |   1 |   84.0 |
               +--------+--------+--------+--------+--------+-----+--------+

Top non-repeatable levels by time:
       D: 84 daAuts
